 Dungeon Crawl Stone Soup version 0.23.0-3-gf3c87f2 (webtiles) character file.

Game seed: 12512481438407655388

157 Ancalimex the Chopper (level 5, -1/47 HPs)
             Began as a Minotaur Berserker on Feb 20, 2019.
             Was a Priest of Trog.
             Slain by an orc
             ... wielding a +0 falchion of electrocution
              (9 damage)
             ... on level 3 of the Dungeon.
             The game lasted 00:09:00 (1877 turns).

Ancalimex the Chopper (Minotaur Berserker)          Turns: 1877, Time: 00:09:01

Health: -1/47      AC:  3    Str: 22    XL:     5   Next: 15%
Magic:  4/4        EV: 13    Int:  4    God:    Trog [***...]
Gold:   80         SH:  0    Dex: 10    Spells: 4/4 levels left

rFire    . . .     SeeInvis .   a - +3 hand axe
rCold    . . .     Gourm    .   (no shield)
rNeg     . . .     Faith    .   b - +1 animal skin
rPois    .         Spirit   .   (helmet restricted)
rElec    .         Reflect  .   l - scarf {cloud immunity}
rCorr    .         Harm     .   (no gloves)
MR       .....                  (no boots)
Stlth    +.........             (no amulet)
HPRegen  0.15/turn              (no ring)
MPRegen  0.09/turn              (no ring)

@: no status effects
A: retaliatory headbutt, horns 2
a: Berserk, Trog's Hand, Renounce Religion


You were on level 3 of the Dungeon.
You worshipped Trog.
Trog was most pleased with you.
You were not hungry.

You visited 1 branch of the dungeon, and saw 3 of its levels.

You collected 80 gold pieces.

Inventory:

Hand Weapons
 a - a +3 hand axe (weapon)
Armour
 b - a +1 animal skin (worn)
 l - a scarf of cloud immunity (worn)
 m - a +0 cloak
Jewellery
 g - a +3 ring of evasion {unknown}
 n - an uncursed amulet of the gourmand {unknown}
Wands
 i - a wand of paralysis (6)
Scrolls
 k - a scroll of teleportation
Potions
 d - a potion of brilliance {unknown}
 e - a potion of degeneration {unknown}
 h - a potion of invisibility {unknown}
 j - a potion of haste {unknown}
 o - a potion of agility {unknown}
Comestibles
 c - 4 rations
 f - 5 chunks of flesh


   Skills:
 + Level 4.5 Fighting
 + Level 5.5 Axes
 + Level 2.6 Armour
 + Level 3.4 Dodging
 + Level 0.4 Stealth


You had 4 spell levels left.
You didn't know any spells.
Your spell library was empty.

Dungeon Overview and Level Annotations

Branches:
Dungeon (3/15)

Altars:
Trog


Innate Abilities, Weirdness & Mutations

You reflexively headbutt those who attack you in melee.
You have a pair of horns on your head.


Message History

The orc is severely wounded.
The orc hits you with a +0 whip.
You hit the orc.
You kill the orc!
Trog accepts your kill.
You slash the orc!
You kill the orc!
Trog accepts your kill.
The orc hits you with a +0 falchion of electrocution.
You are electrocuted!
Items here: )) [ † a +0 war axe; a +0 whip; a +0 leather armour; an orc corpse You hit the orc.
Your headbutt misses the orc.
The orc is heavily wounded.
The orc hits you with a +0 falchion of electrocution!
* * * LOW HITPOINT WARNING * * *
You completely miss the orc.
The orc is heavily wounded.
The orc hits you with a +0 falchion of electrocution!
You die...

..#.#.#.#.#.#.#.#.
..................
...#.#.#.#K#.#.#.#
..#............l
....#.#o#.#.#.#.#. ######
#.............. .....#####
#.#.#)#.#.#.#..
####.....###########...........
#####........@oK...#########
################


You could see an orc and a kobold.

Vanquished Creatures
  Terence (D:2)
  3 gnolls (D:2)
  An adder (D:3)
  A worm (D:2)
  3 dart slugs
  A leopard gecko (D:3)
  4 orcs (D:3)
  8 bats
  7 giant cockroaches
  9 goblins
  7 hobgoblins
  7 jackals
  2 quokkas (D:2)
  A ball python (D:1)
  3 frilled lizards (D:2)
  10 kobolds
  6 rats
74 creatures vanquished.

Notes
Turn   | Place    | Note
-------+----------+-------------------------------------------
     0 | D:1      | Ancalimex the Minotaur Berserker began the quest for the
                  | Orb.
     0 | D:1      | Reached XP level 1. HP: 19/19 MP: 0/0
   102 | D:1      | Reached skill level 4 in Axes
   102 | D:1      | Reached XP level 2. HP: 15/27 MP: 1/1
   521 | D:1      | Reached ** piety under Trog
   521 | D:1      | Reached XP level 3. HP: 30/33 MP: 2/2
   853 | D:2      | Noticed Terence
   867 | D:2      | Killed Terence
   867 | D:2      | Reached skill level 5 in Axes
   867 | D:2      | Reached XP level 4. HP: 23/40 MP: 3/3
  1209 | D:2      | Found a bloodstained altar of Trog.
  1829 | D:3      | Reached *** piety under Trog
  1829 | D:3      | Reached XP level 5. HP: 46/47 MP: 4/4
  1877 | D:3      | Slain by an orc

Skill      XL: |  1  2  3 |
---------------+----------+-----
Axes           | 4 5 |  5.5
Fighting       | 4 |  4.5
Dodging        | 3 |  3.4
Armour         | |  2.6
Stealth        | |  0.4

Action                   |  1- 3 |  4- 6 || total
-------------------------+-------+-------++-------
Melee: Hand axe          |    90 |    69 ||   159
       Headbutt          |    10 |    11 ||    21
  Use: Scroll            |     3 |     5 ||     8
 Stab: Sleeping          |     2 |       ||     2
  Eat: Chunk             |       |     3 ||     3
Armor: Animal skin       |    24 |     6 ||    30
Dodge: Dodged            |    61 |    38 ||    99
